Montreal Canadiens vs Vancouver Canucks
Created - Sunday, October 8, 2023 at 07:18
Goals
|
| Montreal Canadiens |
1 |
0 |
0 |
1 |
| Vancouver Canucks |
1 |
1 |
3 |
5 |
|
Shots
|
| Montreal Canadiens |
11 |
11 |
10 |
32 |
| Vancouver Canucks |
8 |
10 |
15 |
33 |
|
1st period
1. Vancouver Canucks , Clayton Keller 13 (Aleksander Barkov 20, Mikko Rantanen 22) at 5:08
2. Montreal Canadiens , Tyler Myers 2 (Jonathan Marchessault 11, Brady Skjei 10) at 12:10 (PP)
Penalties :
Dylan Larkin (MTL) for Holding (Minor) at 6:22, Miro Heiskanen (VAN) for Tripping (Minor) at 10:50, Tomas Nosek (MTL) for Hooking (Minor) at 12:53, Anton Lundell (VAN) for High sticking (Minor) at 15:32, Tomas Nosek (MTL) for Cross-checking (Minor) at 18:30
2nd period
3. Vancouver Canucks , Casey Mittelstadt 2 (Jesperi Kotkaniemi 13, Sam Lafferty 4) at 1:26
Penalties :
No Penalty
3rd period
4. Vancouver Canucks , Anton Lundell 6 (Artturi Lehkonen 14, Casey Mittelstadt 10) at 3:35 (PP)
5. Vancouver Canucks , Mikko Rantanen 17 (Jesperi Kotkaniemi 14) at 12:57 (PP)
6. Vancouver Canucks , Anton Lundell 7 (Olli Maatta 7, Noah Cates 1) at 16:11
Penalties :
Alexandre Carrier (MTL) for Hooking (Minor) at 2:45, Mikko Rantanen (VAN) for Hooking (Minor) at 5:33, Filip Forsberg (MTL) for Roughing (Minor) at 12:55
Goalie Stats
Jacob Markstrom (MTL), 28 saves from 33 shots - (0.848), L, 15-11-4, 60:00 minutes
Joonas Korpisalo (VAN), 31 saves from 32 shots - (0.969), W, 14-7-3, 60:00 minutes
Players Stats for Montreal Canadiens
Player Name G A P +/- PIM S H SB GA TA FO MP PP MP PK MP
------------------------------------------------------------------------------------
Adam Fox 0 0 0 0 0 1 2 2 1 1 0/0 26:32 2:39 3:17
Alexandre Carrier 0 0 0 0 2 0 0 0 0 1 0/0 11:50 0:00 0:00
Brady Skjei 0 1 1 0 0 4 2 5 1 1 0/0 28:04 2:39 3:32
Christian Fischer 0 0 0 -1 0 1 1 0 0 0 0/0 14:20 0:05 3:14
Dylan Larkin 0 0 0 -1 2 4 2 0 0 1 8/14 15:22 2:53 0:26
Evgeni Dadonov 0 0 0 -1 0 1 0 0 1 0 0/1 11:09 0:05 1:48
Filip Forsberg 0 0 0 0 2 2 1 1 0 0 1/3 18:35 2:20 0:00
Filip Hronek 0 0 0 -3 0 1 0 1 1 0 0/0 16:47 2:39 0:00
Jake Evans 0 0 0 -1 0 1 1 1 0 0 6/9 11:37 0:00 2:58
Jonathan Marchessault 0 1 1 -1 0 1 1 0 1 0 0/0 14:32 2:53 0:00
Marco Scandella 0 0 0 0 0 0 0 1 0 1 0/0 16:55 0:02 3:32
Martin Necas 0 0 0 -1 0 2 0 0 0 0 2/2 15:05 2:53 0:19
Patrik Laine 0 0 0 0 0 5 1 0 1 0 3/4 18:58 2:20 0:22
Sidney Crosby 0 0 0 0 0 4 2 1 0 1 9/20 18:46 2:22 0:00
Tomas Nosek 0 0 0 -1 4 2 0 0 0 0 0/0 12:05 0:00 1:25
Tyler Myers 1 0 1 -3 0 3 1 1 0 0 0/0 20:00 2:37 3:17
Tyson Jost 0 0 0 -1 0 0 1 0 0 0 4/7 14:06 0:03 3:06
Vladislav Namestnikov 0 0 0 -1 0 0 0 0 2 0 0/0 8:23 0:00 0:00
Players Stats for Vancouver Canucks
Player Name G A P +/- PIM S H SB GA TA FO MP PP MP PK MP
------------------------------------------------------------------------------------
Adam Boqvist 0 0 0 0 0 3 0 0 0 2 0/0 18:49 0:00 0:00
Aleksander Barkov 0 1 1 1 0 1 0 0 0 1 14/24 17:32 0:00 0:00
Anton Lundell 2 0 2 1 2 3 0 0 0 0 0/1 11:44 2:47 1:25
Artturi Lehkonen 0 1 1 0 0 5 0 0 0 0 1/1 15:25 2:47 0:00
Casey Mittelstadt 1 1 2 1 0 3 3 0 0 1 0/2 15:34 2:29 2:10
Clayton Keller 1 0 1 1 0 4 0 1 1 0 0/0 22:16 4:02 0:36
Jacob Bryson 0 0 0 1 0 1 0 3 0 0 0/0 10:56 0:00 0:00
Jake Bean 0 0 0 2 0 1 2 4 0 0 0/0 22:15 3:40 2:21
Jesperi Kotkaniemi 0 2 2 1 0 2 4 0 1 0 6/11 15:01 3:45 0:33
Kasperi Kapanen 0 0 0 0 0 1 0 0 0 0 0/1 12:58 0:35 0:00
Mikko Rantanen 1 1 2 1 2 3 0 0 2 1 0/2 22:24 4:02 0:34
Miro Heiskanen 0 0 0 0 2 1 0 2 0 2 0/0 26:28 3:40 1:35
Noah Cates 0 1 1 1 0 2 0 1 0 0 2/7 9:55 0:00 2:43
Noah Hanifin 0 0 0 2 0 1 0 1 1 1 0/0 23:17 3:09 3:43
Olli Maatta 0 1 1 1 0 0 0 0 0 0 0/0 17:15 3:09 2:57
Robby Fabbri 0 0 0 0 0 0 2 0 0 0 3/8 12:30 0:00 0:00
Sam Lafferty 0 1 1 1 0 2 1 0 0 0 1/3 9:58 0:00 2:35
Taylor Raddysh 0 0 0 1 0 0 0 0 1 0 0/0 10:22 0:00 0:00
3 Stars
1 - Joonas Korpisalo (VAN)
2 - Casey Mittelstadt (VAN)
3 - Anton Lundell (VAN)
Power Play
Montreal Canadiens - 1 on 3 Attempt(s) - 33.33%
Vancouver Canucks - 2 on 5 Attempt(s) - 40.00%
Penalty Kill
Montreal Canadiens - 3 on 5 Attempt(s) - 60.00%
- Score 0 goal in Penalty Kill
Vancouver Canucks - 2 on 3 Attempt(s) - 66.67%
- Score 0 goal in Penalty Kill
Team Stat
Montreal Canadiens - Hits : 15 - Faceoff Wins : 33 - Blocked Shots : 13 - Penalty Minutes : 10
Vancouver Canucks - Hits : 12 - Faceoff Wins : 27 - Blocked Shots : 12 - Penalty Minutes : 6
Official
Referees : Jon Mclsaac and Tim Peel
Linesman : Bryan Pancich and Tim Nowak
Game Notes
No Game Note
Finance
Level 1 -- Attendance: 5048 (84.13%) -- Ticket Income $499,752
Level 2 -- Attendance: 3608 (72.16%) -- Ticket Income $212,872
Level 3 -- Attendance: 2733 (91.10%) -- Ticket Income $92,922
Level 4 -- Attendance: 3549 (70.98%) -- Ticket Income $85,176
Luxury Box -- Attendance: 790 (79.00%) -- Ticket Income $157,210
Game was played at the Rogers Arena.
Total Attendance: 15728 (78.64%)
Total Ticket Income: $1,047,932
Other Income: $366,776
Total Income: $1,414,708
Montreal Canadiens
5 vs 5 Forward
Center Left Wing Right Wing Time % Phy DF OF
1 Sidney Crosby Filip Forsberg Patrik Laine 39 1 2 2
2 Dylan Larkin Jonathan Marchessault Martin Necas 30 1 2 2
3 Tyson Jost Tomas Nosek Christian Fischer 20 1 2 2
4 Jake Evans Vladislav Namestnikov Evgeni Dadonov 11 1 2 2
5 vs 5 Defense
Defense Defense Time % Phy DF OF
1 Adam Fox Brady Skjei 37 1 2 2
2 Filip Hronek Tyler Myers 30 1 2 2
3 Marco Scandella Alexandre Carrier 18 1 4 0
4 Adam Fox Brady Skjei 15 1 2 2
PowerPlay Forward
Center Left Wing Right Wing Time % Phy DF OF
1 Sidney Crosby Filip Forsberg Patrik Laine 65 0 1 4
2 Dylan Larkin Jonathan Marchessault Martin Necas 35 0 1 4
PowerPlay Defense
Defense Defense Time % Phy DF OF
1 Adam Fox Filip Hronek 70 0 1 4
2 Brady Skjei Tyler Myers 30 0 1 4
Penalty Kill 4 Players Forward
Center Wing Time % Phy DF OF
1 Jake Evans Christian Fischer 50 1 3 1
2 Tyson Jost Tomas Nosek 50 1 3 1
Penalty Kill 4 Players Defense
Defense Defense Time % Phy DF OF
1 Brady Skjei Marco Scandella 50 1 3 1
2 Adam Fox Tyler Myers 50 1 3 1
Penalty Kill - 3 Players Forward
Forward Time % Phy DF OF
1 Jake Evans 50 1 4 0
2 Tomas Nosek 50 1 4 0
Penalty Kill - 3 Players Defense
Defense Defense Time % Phy DF OF
1 Filip Hronek Marco Scandella 50 1 3 1
2 Adam Fox Tyler Myers 50 1 3 1
4 vs 4 Forward
Center Wing Time % Phy DF OF
1 Sidney Crosby Filip Forsberg 60 1 1 3
2 Dylan Larkin Patrik Laine 40 1 1 3
4 vs 4 Defense
Defense Defense Time % Phy DF OF
1 Adam Fox Brady Skjei 55 1 2 2
2 Filip Hronek Tyler Myers 45 1 2 2
Last Minutes Offensive
Center Left Wing Right Wing Defense Defense
Sidney Crosby Patrik Laine Filip Forsberg Filip Hronek Adam Fox
Last Minutes Defensive
Center Left Wing Right Wing Defense Defense
Tyson Jost Tomas Nosek Jake Evans Adam Fox Alexandre Carrier
Goaltenders
Starting : Jacob Markstrom
Backup : David Rittich
Extra Forwards
Normal : Sidney Crosby, Martin Necas, Filip Forsberg - PP : Martin Necas, Patrik Laine - PK : Christian Fischer
Extra Defensemen
Normal : Adam Fox, Filip Hronek, Brady Skjei - PP : Adam Fox - PK : Adam Fox, Tyler Myers
Penalty Shots
Sidney Crosby, Patrik Laine, Filip Forsberg, Jonathan Marchessault, Dylan Larkin
Vancouver Canucks
5 vs 5 Forward
Center Left Wing Right Wing Time % Phy DF OF
1 Aleksander Barkov Clayton Keller Mikko Rantanen 40 1 2 2
2 Robby Fabbri Artturi Lehkonen Kasperi Kapanen 30 1 2 2
3 Jesperi Kotkaniemi Casey Mittelstadt Taylor Raddysh 20 1 2 2
4 Noah Cates Anton Lundell Sam Lafferty 10 1 2 2
5 vs 5 Defense
Defense Defense Time % Phy DF OF
1 Adam Boqvist Miro Heiskanen 40 1 2 2
2 Jake Bean Noah Hanifin 30 1 2 2
3 Jacob Bryson Olli Maatta 20 1 2 2
4 Noah Hanifin Miro Heiskanen 10 1 2 2
PowerPlay Forward
Center Left Wing Right Wing Time % Phy DF OF
1 Jesperi Kotkaniemi Clayton Keller Mikko Rantanen 60 0 1 4
2 Casey Mittelstadt Anton Lundell Artturi Lehkonen 40 0 1 4
PowerPlay Defense
Defense Defense Time % Phy DF OF
1 Miro Heiskanen Jake Bean 60 0 1 4
2 Noah Hanifin Olli Maatta 40 0 1 4
Penalty Kill 4 Players Forward
Center Wing Time % Phy DF OF
1 Sam Lafferty Noah Cates 60 1 3 1
2 Casey Mittelstadt Anton Lundell 40 1 3 1
Penalty Kill 4 Players Defense
Defense Defense Time % Phy DF OF
1 Noah Hanifin Olli Maatta 60 1 3 1
2 Miro Heiskanen Jake Bean 40 1 3 1
Penalty Kill - 3 Players Forward
Forward Time % Phy DF OF
1 Noah Cates 60 1 3 1
2 Sam Lafferty 40 1 3 1
Penalty Kill - 3 Players Defense
Defense Defense Time % Phy DF OF
1 Noah Hanifin Olli Maatta 60 1 3 1
2 Miro Heiskanen Jake Bean 40 1 3 1
4 vs 4 Forward
Center Wing Time % Phy DF OF
1 Clayton Keller Mikko Rantanen 60 1 2 2
2 Anton Lundell Artturi Lehkonen 40 1 2 2
4 vs 4 Defense
Defense Defense Time % Phy DF OF
1 Miro Heiskanen Noah Hanifin 60 1 2 2
2 Olli Maatta Jake Bean 40 1 2 2
Last Minutes Offensive
Center Left Wing Right Wing Defense Defense
Anton Lundell Clayton Keller Mikko Rantanen Miro Heiskanen Noah Hanifin
Last Minutes Defensive
Center Left Wing Right Wing Defense Defense
Sam Lafferty Noah Cates Artturi Lehkonen Noah Hanifin Olli Maatta
Goaltenders
Starting : Joonas Korpisalo
Backup : Ville Husso
Extra Forwards
Normal : Mikko Rantanen, Anton Lundell, Artturi Lehkonen - PP : Clayton Keller, Kasperi Kapanen - PK : Mikko Rantanen
Extra Defensemen
Normal : Miro Heiskanen, Noah Hanifin, Olli Maatta - PP : Jake Bean - PK : Noah Hanifin, Adam Boqvist
Penalty Shots
Miro Heiskanen, Anton Lundell, Jesperi Kotkaniemi, Artturi Lehkonen, Mikko Rantanen
% Time on Ice - Montreal Canadiens
Lines # - Real PCT - Wanted PCT - Time Play
Normal Forward
1 - 36% - 39% - 17:16
2 - 24% - 30% - 11:39
3 - 22% - 20% - 10:35
4 - 18% - 11% - 8:23
Normal Defense
1 - 36% - 37% - 17:21
2 - 29% - 30% - 13:56
3 - 25% - 18% - 11:51
4 - 10% - 15% - 4:45
PP Forward
1 - 46% - 65% - 2:25
2 - 54% - 35% - 2:53
PP Defense
1 - 51% - 70% - 2:41
2 - 49% - 30% - 2:37
PK Forward
1 - 48% - 50% - 3:17
2 - 52% - 50% - 3:32
PK Defense
1 - 52% - 50% - 3:32
2 - 48% - 50% - 3:17
PK3 Forward
1 - 0% - 50%
2 - 0% - 50%
PK3 Defense
1 - 0% - 50%
2 - 0% - 50%
44 Forward
1 - 0% - 60%
2 - 0% - 40%
44 Defense
1 - 0% - 55%
2 - 0% - 45%
Last Minute Offensive - 0:00
Last Minute Defensive - 0:00
Total
Forward - 60:00
Defense - 60:00
|
% Time on Ice - Vancouver Canucks
Lines # - Real PCT - Wanted PCT - Time Play
Normal Forward
1 - 37% - 40% - 17:49
2 - 26% - 30% - 12:30
3 - 22% - 20% - 10:22
4 - 15% - 10% - 7:12
Normal Defense
1 - 42% - 40% - 19:58
2 - 33% - 30% - 15:44
3 - 23% - 20% - 10:56
4 - 3% - 10% - 1:15
PP Forward
1 - 59% - 60% - 4:02
2 - 41% - 40% - 2:47
PP Defense
1 - 54% - 60% - 3:40
2 - 46% - 40% - 3:09
PK Forward
1 - 78% - 60% - 4:08
2 - 22% - 40% - 1:10
PK Defense
1 - 56% - 60% - 2:57
2 - 44% - 40% - 2:21
PK3 Forward
1 - 0% - 60%
2 - 0% - 40%
PK3 Defense
1 - 0% - 60%
2 - 0% - 40%
44 Forward
1 - 0% - 60%
2 - 0% - 40%
44 Defense
1 - 0% - 60%
2 - 0% - 40%
Last Minute Offensive - 0:00
Last Minute Defensive - 0:00
Total
Forward - 60:00
Defense - 60:00
|
Play-by-Play
1st period
0:01 of 1st period - Aleksander Barkov wins face-off versus Sidney Crosby in neutral zone.
0:06 of 1st period - Snap shot by Patrik Laine.
0:06 of 1st period - Stopped by Joonas Korpisalo without a rebound.
0:07 of 1st period - Sidney Crosby wins face-off versus Mikko Rantanen in Vancouver Canucks zone.
0:16 of 1st period - Wrist shot by Filip Forsberg.
0:16 of 1st period - Stopped by Joonas Korpisalo without a rebound.
0:17 of 1st period - Dylan Larkin wins face-off versus Robby Fabbri in Vancouver Canucks zone.
1:06 of 1st period - Slapshot by Patrik Laine.
1:06 of 1st period - Shot Misses the Net.
1:08 of 1st period - Slapshot by Tyler Myers.
1:08 of 1st period - Shot Misses the Net.
1:10 of 1st period - Snap shot by Filip Hronek.
1:10 of 1st period - Shot Misses the Net.
1:12 of 1st period - Wrist shot by Tyler Myers.
1:12 of 1st period - Shot Blocked by Jacob Bryson.
1:14 of 1st period - Slapshot by Filip Hronek.
1:14 of 1st period - Stopped by Joonas Korpisalo without a rebound.
1:15 of 1st period - Jake Evans wins face-off versus Casey Mittelstadt in Vancouver Canucks zone.
1:23 of 1st period - Off-side.
1:24 of 1st period - Jake Evans wins face-off versus Casey Mittelstadt in neutral zone.
1:31 of 1st period - Snap shot by Casey Mittelstadt.
1:31 of 1st period - Stopped by Jacob Markstrom with a rebound.
2:01 of 1st period - Wrist shot by Evgeni Dadonov.
2:01 of 1st period - Shot Misses the Net.
2:03 of 1st period - Snap shot by Vladislav Namestnikov.
2:03 of 1st period - Shot Misses the Net.
2:07 of 1st period - Snap shot by Vladislav Namestnikov.
2:07 of 1st period - Shot Misses the Net.
2:09 of 1st period - Slapshot by Marco Scandella.
2:09 of 1st period - Shot Misses the Net.
2:11 of 1st period - Slapshot by Marco Scandella.
2:11 of 1st period - Shot Misses the Net.
3:26 of 1st period - Wrist shot by Evgeni Dadonov.
3:26 of 1st period - Shot Hit the Post.
3:28 of 1st period - Slapshot by Marco Scandella.
3:28 of 1st period - Shot Misses the Net.
3:30 of 1st period - Slapshot by Marco Scandella.
3:30 of 1st period - Shot Blocked by Miro Heiskanen.
3:46 of 1st period - Jake Evans is hit by Casey Mittelstadt and loses puck.
4:14 of 1st period - Off-side.
4:15 of 1st period - Aleksander Barkov wins face-off versus Sidney Crosby in neutral zone.
4:50 of 1st period - Wrist shot by Artturi Lehkonen.
4:50 of 1st period - Stopped by Jacob Markstrom with a rebound.
4:52 of 1st period - Slapshot by Jake Bean.
4:52 of 1st period - Stopped by Jacob Markstrom without a rebound.
4:53 of 1st period - Aleksander Barkov wins face-off versus Tyson Jost in Montreal Canadiens zone.
5:08 of 1st period - Snap shot by Clayton Keller.
5:08 of 1st period - Goal by Clayton Keller - Montreal Canadiens : 0 - Vancouver Canucks : 1.
5:09 of 1st period - Patrik Laine wins face-off versus Robby Fabbri in neutral zone.
5:16 of 1st period - Olli Maatta is hit by Sidney Crosby and loses puck.
6:00 of 1st period - Off-side.
6:01 of 1st period - Martin Necas wins face-off versus Noah Cates in neutral zone.
6:22 of 1st period - Minor Penalty to Dylan Larkin for Holding.
6:23 of 1st period - Tyson Jost wins face-off versus Jesperi Kotkaniemi in Montreal Canadiens zone.
6:48 of 1st period - Marco Scandella is hit by Jake Bean and loses puck.
8:22 of 1st period - Penalty to Dylan Larkin is over, Dylan Larkin is back on ice.
8:26 of 1st period - Marco Scandella is hit by Sam Lafferty and loses puck.
8:33 of 1st period - Miro Heiskanen is hit by Tyson Jost and loses puck.
8:40 of 1st period - Tyson Jost is hit by Jake Bean and loses puck.
9:52 of 1st period - Slapshot by Sidney Crosby.
9:52 of 1st period - Stopped by Joonas Korpisalo with a rebound.
9:54 of 1st period - Slapshot by Brady Skjei.
9:54 of 1st period - Shot Misses the Net.
9:56 of 1st period - Slapshot by Brady Skjei.
9:56 of 1st period - Shot Misses the Net.
10:29 of 1st period - Miro Heiskanen is hit by Jake Evans and loses puck.
10:50 of 1st period - Minor Penalty to Miro Heiskanen for Tripping.
10:51 of 1st period - Sidney Crosby wins face-off versus Sam Lafferty in Vancouver Canucks zone.
11:24 of 1st period - Slapshot by Martin Necas.
11:24 of 1st period - Stopped by Joonas Korpisalo without a rebound.
11:25 of 1st period - Dylan Larkin wins face-off versus Sam Lafferty in Vancouver Canucks zone.
11:46 of 1st period - Slapshot by Dylan Larkin.
11:46 of 1st period - Shot Misses the Net.
11:48 of 1st period - Wrist shot by Jonathan Marchessault.
11:48 of 1st period - Shot Misses the Net.
12:02 of 1st period - Wrist shot by Jonathan Marchessault.
12:02 of 1st period - Shot Misses the Net.
12:04 of 1st period - Snap shot by Brady Skjei.
12:04 of 1st period - Shot Blocked by Jake Bean.
12:06 of 1st period - Wrist shot by Jonathan Marchessault.
12:06 of 1st period - Stopped by Joonas Korpisalo with a rebound.
12:08 of 1st period - Slapshot by Tyler Myers.
12:08 of 1st period - Stopped by Joonas Korpisalo with a rebound.
12:10 of 1st period - Slapshot by Tyler Myers.
12:10 of 1st period - Goal by Tyler Myers - Montreal Canadiens : 1 - Vancouver Canucks : 1.
12:11 of 1st period - Sidney Crosby wins face-off versus Aleksander Barkov in neutral zone.
12:38 of 1st period - Brady Skjei is hit by Robby Fabbri and loses puck.
12:53 of 1st period - Minor Penalty to Tomas Nosek for Hooking.
12:54 of 1st period - Jesperi Kotkaniemi wins face-off versus Tyson Jost in Montreal Canadiens zone.
13:05 of 1st period - Snap shot by Mikko Rantanen.
13:05 of 1st period - Shot Blocked by Tyler Myers.
13:07 of 1st period - Snap shot by Clayton Keller.
13:07 of 1st period - Stopped by Jacob Markstrom without a rebound.
13:08 of 1st period - Jesperi Kotkaniemi wins face-off versus Jake Evans in Montreal Canadiens zone.
13:41 of 1st period - Evgeni Dadonov is hit by Casey Mittelstadt.
14:53 of 1st period - Penalty to Tomas Nosek is over, Tomas Nosek is back on ice.
14:58 of 1st period - Wrist shot by Filip Forsberg.
14:58 of 1st period - Stopped by Joonas Korpisalo with a rebound.
15:00 of 1st period - Snap shot by Filip Forsberg.
15:00 of 1st period - Shot Misses the Net.
15:02 of 1st period - Wrist shot by Patrik Laine.
15:02 of 1st period - Shot Misses the Net.
15:06 of 1st period - Wrist shot by Patrik Laine.
15:06 of 1st period - Stopped by Joonas Korpisalo with a rebound.
15:08 of 1st period - Wrist shot by Patrik Laine.
15:08 of 1st period - Shot Misses the Net.
15:10 of 1st period - Snap shot by Patrik Laine.
15:10 of 1st period - Stopped by Joonas Korpisalo without a rebound.
15:11 of 1st period - Dylan Larkin wins face-off versus Noah Cates in Vancouver Canucks zone.
15:12 of 1st period - Snap shot by Jonathan Marchessault.
15:12 of 1st period - Shot Blocked by Jacob Bryson.
15:19 of 1st period - Off-side.
15:20 of 1st period - Noah Cates wins face-off versus Dylan Larkin in neutral zone.
15:25 of 1st period - Snap shot by Sam Lafferty.
15:25 of 1st period - Stopped by Jacob Markstrom with a rebound.
15:32 of 1st period - Minor Penalty to Anton Lundell for High sticking.
15:33 of 1st period - Sam Lafferty wins face-off versus Patrik Laine in Vancouver Canucks zone.
16:58 of 1st period - Noah Cates is hit by Patrik Laine and loses puck.
17:32 of 1st period - Penalty to Anton Lundell is over, Anton Lundell is back on ice.
17:35 of 1st period - Anton Lundell is hit by Christian Fischer and loses puck.
17:50 of 1st period - Slapshot by Kasperi Kapanen.
17:50 of 1st period - Shot Blocked by Brady Skjei.
18:30 of 1st period - Minor Penalty to Tomas Nosek for Cross-checking.
18:31 of 1st period - Jake Evans wins face-off versus Jesperi Kotkaniemi in Montreal Canadiens zone.
19:03 of 1st period - Slapshot by Casey Mittelstadt.
19:03 of 1st period - Stopped by Jacob Markstrom with a rebound.
19:05 of 1st period - Slapshot by Miro Heiskanen.
19:05 of 1st period - Shot Blocked by Adam Fox.
19:07 of 1st period - Backhand shot by Artturi Lehkonen.
19:07 of 1st period - Stopped by Jacob Markstrom with a rebound.
19:17 of 1st period - Jake Evans is hit by Jesperi Kotkaniemi and loses puck.
Goals for this period are 1 for Montreal Canadiens vs 1 for Vancouver Canucks.
Shots for this period are 11 for Montreal Canadiens vs 8 for Vancouver Canucks.
2nd period
0:01 of 2nd period - Jesperi Kotkaniemi wins face-off versus Jake Evans in neutral zone.
0:12 of 2nd period - Wrist shot by Clayton Keller.
0:12 of 2nd period - Stopped by Jacob Markstrom with a rebound.
0:14 of 2nd period - Snap shot by Jesperi Kotkaniemi.
0:14 of 2nd period - Shot Misses the Net.
0:16 of 2nd period - Snap shot by Mikko Rantanen.
0:16 of 2nd period - Shot Misses the Net.
0:30 of 2nd period - Penalty to Tomas Nosek is over, Tomas Nosek is back on ice.
0:30 of 2nd period - Wrist shot by Casey Mittelstadt.
0:30 of 2nd period - Shot Misses the Net.
0:32 of 2nd period - Wrist shot by Artturi Lehkonen.
0:32 of 2nd period - Shot Blocked by Brady Skjei.
0:34 of 2nd period - Snap shot by Artturi Lehkonen.
0:34 of 2nd period - Stopped by Jacob Markstrom with a rebound.
0:36 of 2nd period - Slapshot by Noah Hanifin.
0:36 of 2nd period - Stopped by Jacob Markstrom without a rebound.
0:37 of 2nd period - Aleksander Barkov wins face-off versus Sidney Crosby in Montreal Canadiens zone.
0:38 of 2nd period - Slapshot by Mikko Rantanen.
0:38 of 2nd period - Stopped by Jacob Markstrom with a rebound.
1:26 of 2nd period - Snap shot by Casey Mittelstadt.
1:26 of 2nd period - Goal by Casey Mittelstadt - Montreal Canadiens : 1 - Vancouver Canucks : 2.
1:27 of 2nd period - Sidney Crosby wins face-off versus Aleksander Barkov in neutral zone.
1:36 of 2nd period - Snap shot by Sidney Crosby.
1:36 of 2nd period - Deflect By Patrik Laine.
1:36 of 2nd period - Shot Hit the Post.
1:36 of 2nd period - Puck is out of play.
1:37 of 2nd period - Aleksander Barkov wins face-off versus Sidney Crosby in Vancouver Canucks zone.
2:10 of 2nd period - Wrist shot by Sidney Crosby.
2:10 of 2nd period - Stopped by Joonas Korpisalo with a rebound.
2:12 of 2nd period - Wrist shot by Sidney Crosby.
2:12 of 2nd period - Shot Misses the Net.
2:14 of 2nd period - Snap shot by Patrik Laine.
2:14 of 2nd period - Shot Blocked by Jake Bean.
2:16 of 2nd period - Slapshot by Brady Skjei.
2:16 of 2nd period - Stopped by Joonas Korpisalo with a rebound.
2:18 of 2nd period - Wrist shot by Brady Skjei.
2:18 of 2nd period - Shot Blocked by Jake Bean.
2:20 of 2nd period - Snap shot by Brady Skjei.
2:20 of 2nd period - Shot Misses the Net.
2:22 of 2nd period - Snap shot by Brady Skjei.
2:22 of 2nd period - Stopped by Joonas Korpisalo with a rebound.
2:24 of 2nd period - Snap shot by Sidney Crosby.
2:24 of 2nd period - Stopped by Joonas Korpisalo without a rebound.
2:25 of 2nd period - Dylan Larkin wins face-off versus Robby Fabbri in Vancouver Canucks zone.
3:22 of 2nd period - Wrist shot by Sam Lafferty.
3:22 of 2nd period - Shot Misses the Net.
3:34 of 2nd period - Aleksander Barkov is hit by Dylan Larkin and loses puck.
3:59 of 2nd period - Icing by Tyson Jost.
4:00 of 2nd period - Aleksander Barkov wins face-off versus Tyson Jost in Montreal Canadiens zone.
4:09 of 2nd period - Snap shot by Aleksander Barkov.
4:09 of 2nd period - Shot Blocked by Adam Fox.
4:19 of 2nd period - Noah Hanifin is hit by Adam Fox and loses puck.
4:36 of 2nd period - Wrist shot by Adam Fox.
4:36 of 2nd period - Shot Blocked by Jake Bean.
4:38 of 2nd period - Snap shot by Tomas Nosek.
4:38 of 2nd period - Stopped by Joonas Korpisalo with a rebound.
4:40 of 2nd period - Slapshot by Brady Skjei.
4:40 of 2nd period - Deflect By Tomas Nosek.
4:40 of 2nd period - Shot Misses the Net.
4:40 of 2nd period - Puck is out of play.
4:41 of 2nd period - Artturi Lehkonen wins face-off versus Sidney Crosby in Vancouver Canucks zone.
4:56 of 2nd period - Wrist shot by Kasperi Kapanen.
4:56 of 2nd period - Stopped by Jacob Markstrom with a rebound.
6:29 of 2nd period - Icing by Adam Fox.
6:30 of 2nd period - Jake Evans wins face-off versus Robby Fabbri in Montreal Canadiens zone.
7:10 of 2nd period - Off-side.
7:11 of 2nd period - Jesperi Kotkaniemi wins face-off versus Sidney Crosby in neutral zone.
7:13 of 2nd period - Off-side.
7:14 of 2nd period - Jesperi Kotkaniemi wins face-off versus Sidney Crosby in neutral zone.
7:41 of 2nd period - Wrist shot by Dylan Larkin.
7:41 of 2nd period - Shot Misses the Net.
7:44 of 2nd period - Icing by Mikko Rantanen.
7:45 of 2nd period - Dylan Larkin wins face-off versus Aleksander Barkov in Vancouver Canucks zone.
7:46 of 2nd period - Slapshot by Jonathan Marchessault.
7:46 of 2nd period - Shot Blocked by Jacob Bryson.
8:34 of 2nd period - Wrist shot by Adam Fox.
8:34 of 2nd period - Shot Misses the Net.
9:35 of 2nd period - Wrist shot by Dylan Larkin.
9:35 of 2nd period - Stopped by Joonas Korpisalo with a rebound.
10:19 of 2nd period - Snap shot by Dylan Larkin.
10:19 of 2nd period - Stopped by Joonas Korpisalo without a rebound.
10:20 of 2nd period - Robby Fabbri wins face-off versus Filip Forsberg in Vancouver Canucks zone.
11:18 of 2nd period - Slapshot by Jesperi Kotkaniemi.
11:18 of 2nd period - Stopped by Jacob Markstrom with a rebound.
12:45 of 2nd period - Marco Scandella is hit by Robby Fabbri and loses puck.
14:13 of 2nd period - Icing by Noah Cates.
14:14 of 2nd period - Robby Fabbri wins face-off versus Evgeni Dadonov in Vancouver Canucks zone.
14:43 of 2nd period - Tyler Myers is hit by Casey Mittelstadt and loses puck.
15:09 of 2nd period - Icing by Jake Evans.
15:10 of 2nd period - Martin Necas wins face-off versus Noah Cates in Montreal Canadiens zone.
15:22 of 2nd period - Snap shot by Adam Boqvist.
15:22 of 2nd period - Stopped by Jacob Markstrom without a rebound.
15:23 of 2nd period - Patrik Laine wins face-off versus Aleksander Barkov in Montreal Canadiens zone.
15:46 of 2nd period - Miro Heiskanen is hit by Brady Skjei.
15:56 of 2nd period - Artturi Lehkonen is hit by Dylan Larkin and loses puck.
16:22 of 2nd period - Snap shot by Artturi Lehkonen.
16:22 of 2nd period - Stopped by Jacob Markstrom with a rebound.
16:30 of 2nd period - Alexandre Carrier is hit by Jesperi Kotkaniemi and loses puck.
16:47 of 2nd period - Snap shot by Jake Evans.
16:47 of 2nd period - Stopped by Joonas Korpisalo without a rebound.
16:48 of 2nd period - Jake Evans wins face-off versus Noah Cates in Vancouver Canucks zone.
16:49 of 2nd period - Snap shot by Evgeni Dadonov.
16:49 of 2nd period - Stopped by Joonas Korpisalo with a rebound.
17:01 of 2nd period - Slapshot by Anton Lundell.
17:01 of 2nd period - Stopped by Jacob Markstrom with a rebound.
17:03 of 2nd period - Slapshot by Noah Hanifin.
17:03 of 2nd period - Shot Blocked by Jake Evans.
17:05 of 2nd period - Wrist shot by Noah Hanifin.
17:05 of 2nd period - Deflect By Noah Cates.
17:05 of 2nd period - Shot Misses the Net.
17:05 of 2nd period - Puck is out of play.
17:06 of 2nd period - Aleksander Barkov wins face-off versus Sidney Crosby in Montreal Canadiens zone.
17:14 of 2nd period - Off-side.
17:15 of 2nd period - Sidney Crosby wins face-off versus Aleksander Barkov in neutral zone.
17:53 of 2nd period - Slapshot by Mikko Rantanen.
17:53 of 2nd period - Shot Misses the Net.
18:07 of 2nd period - Wrist shot by Patrik Laine.
18:07 of 2nd period - Shot Hit the Post.
18:09 of 2nd period - Slapshot by Brady Skjei.
18:09 of 2nd period - Stopped by Joonas Korpisalo with a rebound.
18:11 of 2nd period - Slapshot by Brady Skjei.
18:11 of 2nd period - Stopped by Joonas Korpisalo with a rebound.
19:19 of 2nd period - Mikko Rantanen is hit by Adam Fox and loses puck.
Goals for this period are 0 for Montreal Canadiens vs 1 for Vancouver Canucks.
Shots for this period are 11 for Montreal Canadiens vs 10 for Vancouver Canucks.
3rd period
0:01 of 3rd period - Robby Fabbri wins face-off versus Dylan Larkin in neutral zone.
0:04 of 3rd period - Slapshot by Kasperi Kapanen.
0:04 of 3rd period - Shot Misses the Net.
0:17 of 3rd period - Off-side.
0:18 of 3rd period - Patrik Laine wins face-off versus Aleksander Barkov in neutral zone.
1:17 of 3rd period - Off-side.
1:18 of 3rd period - Dylan Larkin wins face-off versus Aleksander Barkov in neutral zone.
2:37 of 3rd period - Snap shot by Sam Lafferty.
2:37 of 3rd period - Stopped by Jacob Markstrom with a rebound.
2:39 of 3rd period - Slapshot by Noah Cates.
2:39 of 3rd period - Shot Misses the Net.
2:45 of 3rd period - Minor Penalty to Alexandre Carrier for Hooking.
2:46 of 3rd period - Jake Evans wins face-off versus Jesperi Kotkaniemi in Montreal Canadiens zone.
2:55 of 3rd period - Slapshot by Clayton Keller.
2:55 of 3rd period - Stopped by Jacob Markstrom without a rebound.
2:56 of 3rd period - Tyson Jost wins face-off versus Jesperi Kotkaniemi in Montreal Canadiens zone.
3:19 of 3rd period - Snap shot by Mikko Rantanen.
3:19 of 3rd period - Stopped by Jacob Markstrom without a rebound.
3:20 of 3rd period - Tyson Jost wins face-off versus Anton Lundell in Montreal Canadiens zone.
3:35 of 3rd period - Snap shot by Anton Lundell.
3:35 of 3rd period - Goal by Anton Lundell - Montreal Canadiens : 1 - Vancouver Canucks : 3.
3:36 of 3rd period - Sidney Crosby wins face-off versus Kasperi Kapanen in neutral zone.
3:47 of 3rd period - Wrist shot by Sidney Crosby.
3:47 of 3rd period - Shot Misses the Net.
4:51 of 3rd period - Wrist shot by Anton Lundell.
4:51 of 3rd period - Shot Misses the Net.
5:11 of 3rd period - Snap shot by Robby Fabbri.
5:11 of 3rd period - Shot Blocked by Marco Scandella.
5:33 of 3rd period - Minor Penalty to Mikko Rantanen for Hooking.
5:34 of 3rd period - Filip Forsberg wins face-off versus Noah Cates in Vancouver Canucks zone.
5:36 of 3rd period - Wrist shot by Patrik Laine.
5:36 of 3rd period - Stopped by Joonas Korpisalo with a rebound.
5:47 of 3rd period - Slapshot by Filip Hronek.
5:47 of 3rd period - Shot Blocked by Noah Hanifin.
5:49 of 3rd period - Slapshot by Adam Fox.
5:49 of 3rd period - Shot Blocked by Noah Cates.
5:51 of 3rd period - Slapshot by Adam Fox.
5:51 of 3rd period - Stopped by Joonas Korpisalo with a rebound.
6:03 of 3rd period - Wrist shot by Dylan Larkin.
6:03 of 3rd period - Shot Misses the Net.
7:33 of 3rd period - Penalty to Mikko Rantanen is over, Mikko Rantanen is back on ice.
7:42 of 3rd period - Snap shot by Artturi Lehkonen.
7:42 of 3rd period - Stopped by Jacob Markstrom with a rebound.
7:44 of 3rd period - Slapshot by Miro Heiskanen.
7:44 of 3rd period - Stopped by Jacob Markstrom without a rebound.
7:45 of 3rd period - Tyson Jost wins face-off versus Robby Fabbri in Montreal Canadiens zone.
7:57 of 3rd period - Snap shot by Robby Fabbri.
7:57 of 3rd period - Shot Misses the Net.
8:11 of 3rd period - Slapshot by Adam Fox.
8:11 of 3rd period - Shot Misses the Net.
8:13 of 3rd period - Snap shot by Tomas Nosek.
8:13 of 3rd period - Stopped by Joonas Korpisalo with a rebound.
8:26 of 3rd period - Snap shot by Christian Fischer.
8:26 of 3rd period - Stopped by Joonas Korpisalo without a rebound.
8:27 of 3rd period - Sidney Crosby wins face-off versus Aleksander Barkov in Vancouver Canucks zone.
8:32 of 3rd period - Wrist shot by Patrik Laine.
8:32 of 3rd period - Shot Blocked by Clayton Keller.
8:34 of 3rd period - Wrist shot by Patrik Laine.
8:34 of 3rd period - Shot Misses the Net.
8:36 of 3rd period - Slapshot by Tyler Myers.
8:36 of 3rd period - Deflect By Mikko Rantanen.
8:36 of 3rd period - Stopped by Joonas Korpisalo without a rebound.
8:37 of 3rd period - Sidney Crosby wins face-off versus Aleksander Barkov in Vancouver Canucks zone.
8:48 of 3rd period - Snap shot by Patrik Laine.
8:48 of 3rd period - Stopped by Joonas Korpisalo without a rebound.
8:49 of 3rd period - Aleksander Barkov wins face-off versus Filip Forsberg in Vancouver Canucks zone.
8:49 of 3rd period - Aleksander Barkov is hit by Brady Skjei.
9:00 of 3rd period - Wrist shot by Sidney Crosby.
9:00 of 3rd period - Shot Misses the Net.
9:26 of 3rd period - Slapshot by Dylan Larkin.
9:26 of 3rd period - Stopped by Joonas Korpisalo without a rebound.
9:27 of 3rd period - Aleksander Barkov wins face-off versus Sidney Crosby in Vancouver Canucks zone.
10:01 of 3rd period - Snap shot by Martin Necas.
10:01 of 3rd period - Stopped by Joonas Korpisalo without a rebound.
10:02 of 3rd period - Aleksander Barkov wins face-off versus Dylan Larkin in Vancouver Canucks zone.
10:38 of 3rd period - Backhand shot by Marco Scandella.
10:38 of 3rd period - Shot Misses the Net.
11:04 of 3rd period - Christian Fischer is hit by Jesperi Kotkaniemi and loses puck.
12:23 of 3rd period - Wrist shot by Taylor Raddysh.
12:23 of 3rd period - Shot Misses the Net.
12:25 of 3rd period - Slapshot by Taylor Raddysh.
12:25 of 3rd period - Deflect By Jesperi Kotkaniemi.
12:25 of 3rd period - Shot Misses the Net.
12:25 of 3rd period - Puck is out of play.
12:26 of 3rd period - Aleksander Barkov wins face-off versus Sidney Crosby in Montreal Canadiens zone.
12:29 of 3rd period - Snap shot by Mikko Rantanen.
12:29 of 3rd period - Deflect By Clayton Keller.
12:29 of 3rd period - Shot Misses the Net.
12:29 of 3rd period - Puck is out of play.
12:30 of 3rd period - Sidney Crosby wins face-off versus Aleksander Barkov in Montreal Canadiens zone.
12:55 of 3rd period - Minor Penalty to Filip Forsberg for Roughing.
12:56 of 3rd period - Jesperi Kotkaniemi wins face-off versus Jake Evans in Montreal Canadiens zone.
12:57 of 3rd period - Wrist shot by Mikko Rantanen.
12:57 of 3rd period - Goal by Mikko Rantanen - Montreal Canadiens : 1 - Vancouver Canucks : 4.
12:58 of 3rd period - Aleksander Barkov wins face-off versus Dylan Larkin in neutral zone.
13:31 of 3rd period - Wrist shot by Robby Fabbri.
13:31 of 3rd period - Shot Misses the Net.
13:33 of 3rd period - Snap shot by Kasperi Kapanen.
13:33 of 3rd period - Shot Misses the Net.
13:35 of 3rd period - Slapshot by Miro Heiskanen.
13:35 of 3rd period - Deflect By Robby Fabbri.
13:35 of 3rd period - Shot Blocked by Brady Skjei.
13:35 of 3rd period - Puck is out of play.
13:36 of 3rd period - Dylan Larkin wins face-off versus Jesperi Kotkaniemi in Montreal Canadiens zone.
14:01 of 3rd period - Artturi Lehkonen is hit by Filip Forsberg and loses puck.
14:32 of 3rd period - Mikko Rantanen is hit by Tyler Myers and loses puck.
15:07 of 3rd period - Noah Hanifin is hit by Jonathan Marchessault and loses puck.
15:49 of 3rd period - Wrist shot by Tyson Jost.
15:49 of 3rd period - Shot Misses the Net.
16:09 of 3rd period - Slapshot by Olli Maatta.
16:09 of 3rd period - Shot Misses the Net.
16:11 of 3rd period - Slapshot by Anton Lundell.
16:11 of 3rd period - Goal by Anton Lundell - Montreal Canadiens : 1 - Vancouver Canucks : 5.
16:12 of 3rd period - Dylan Larkin wins face-off versus Mikko Rantanen in neutral zone.
16:17 of 3rd period - Wrist shot by Dylan Larkin.
16:17 of 3rd period - Stopped by Joonas Korpisalo with a rebound.
16:21 of 3rd period - Slapshot by Martin Necas.
16:21 of 3rd period - Shot Misses the Net.
16:29 of 3rd period - Snap shot by Martin Necas.
16:29 of 3rd period - Shot Blocked by Miro Heiskanen.
16:45 of 3rd period - Slapshot by Adam Boqvist.
16:45 of 3rd period - Stopped by Jacob Markstrom with a rebound.
16:47 of 3rd period - Snap shot by Artturi Lehkonen.
16:47 of 3rd period - Shot Blocked by Brady Skjei.
16:49 of 3rd period - Snap shot by Miro Heiskanen.
16:49 of 3rd period - Shot Blocked by Sidney Crosby.
17:01 of 3rd period - Snap shot by Jesperi Kotkaniemi.
17:01 of 3rd period - Shot Misses the Net.
17:27 of 3rd period - Wrist shot by Anton Lundell.
17:27 of 3rd period - Deflect By Noah Cates.
17:27 of 3rd period - Stopped by Jacob Markstrom without a rebound.
17:28 of 3rd period - Noah Cates wins face-off versus Sidney Crosby in Montreal Canadiens zone.
17:37 of 3rd period - Wrist shot by Noah Cates.
17:37 of 3rd period - Shot Blocked by Filip Forsberg.
17:39 of 3rd period - Snap shot by Noah Cates.
17:39 of 3rd period - Stopped by Jacob Markstrom with a rebound.
17:41 of 3rd period - Slapshot by Jacob Bryson.
17:41 of 3rd period - Stopped by Jacob Markstrom with a rebound.
17:43 of 3rd period - Wrist shot by Olli Maatta.
17:43 of 3rd period - Shot Blocked by Filip Hronek.
18:00 of 3rd period - Slapshot by Sidney Crosby.
18:00 of 3rd period - Stopped by Joonas Korpisalo without a rebound.
18:01 of 3rd period - Aleksander Barkov wins face-off versus Dylan Larkin in Vancouver Canucks zone.
18:49 of 3rd period - Filip Forsberg is hit by Jesperi Kotkaniemi and loses puck.
18:54 of 3rd period - Snap shot by Casey Mittelstadt.
18:54 of 3rd period - Shot Misses the Net.
19:02 of 3rd period - Casey Mittelstadt is hit by Sidney Crosby and loses puck.
19:17 of 3rd period - Snap shot by Jesperi Kotkaniemi.
19:17 of 3rd period - Stopped by Jacob Markstrom with a rebound.
19:19 of 3rd period - Slapshot by Adam Boqvist.
19:19 of 3rd period - Shot Blocked by Brady Skjei.
19:21 of 3rd period - Slapshot by Adam Boqvist.
19:21 of 3rd period - Stopped by Jacob Markstrom without a rebound.
19:22 of 3rd period - Aleksander Barkov wins face-off versus Dylan Larkin in Montreal Canadiens zone.
19:25 of 3rd period - Wrist shot by Aleksander Barkov.
19:25 of 3rd period - Stopped by Jacob Markstrom with a rebound.
Goals for this period are 0 for Montreal Canadiens vs 3 for Vancouver Canucks.
Shots for this period are 10 for Montreal Canadiens vs 15 for Vancouver Canucks.
Back to the Top